Map: Darkness Sanctuary LE

Players

TRUE

  • Race: Zerg Zerg
  • Spawn Location: 5:00

Lambo - Winner!

  • Race: Zerg Zerg
  • Spawn Location: 11:00

Event: WCS Austin 2018

VOD

Have the link to the VOD?

Description

Time

  • Played on: June 2, 2018, 3:41 p.m.
  • Length: 8:13

All games in this series

Show
View Real Time Build Order
Export as new Build Order

TRUE Zerg 

Build Orders: Hatch First 

Get SALT Encoding   

  12  0:00  Drone  
  13  0:11  Overlord  
  13  0:17  Drone  
  14  0:30  Drone  
  14  0:31  Drone  
  14  0:34  Drone  
  17  0:52  Hatchery  
  17  0:55  Drone  
  17  0:58  Drone  
  18  1:06  Extractor  
  17  1:14  Spawning Pool  
  17  1:16  Drone  
  17  1:20  Drone  
  18  1:27  Drone  
  19  1:38  Overlord  
  19  2:00  Queen  
  21  2:02  Zergling x4  
  21  2:04  Queen  
  21  2:06  Metabolic Boost  
  25  2:28  Drone  
  25  2:29  Drone x2  
  28  2:33  Evolution Chamber  
  28  2:35  Drone x3  
  30  2:39  Drone, Queen  
  33  2:44  Drone  
  33  2:51  Drone  
  35  2:53  Drone  
  36  3:12  Hatchery, Zerg Ground Armor Level 1  
  35  3:15  Drone  
  36  3:20  Overlord  
  35  3:34  Overlord  
  35  3:44  Zergling x4  
  35  3:45  Drone x7  
  35  3:47  Overlord  
  44  3:51  Overlord  
  44  3:55  Drone x2  
  46  4:04  Zergling x4  
  46  4:07  Zergling x2  
  49  4:10  Zergling x2  
  49  4:16  Zergling x2  
  51  4:17  Zergling x4  
  51  4:18  Lair  
  51  4:19  Zergling x2  
  51  4:21  Zergling x6  
  56  4:27  Zergling x2  
  57  4:32  Drone x2  
  57  4:35  Drone  
  57  4:37  Extractor  
  57  4:38  Extractor  
  58  4:41  Drone  
  58  4:44  Drone  
  60  4:47  Drone x4  
  60  4:49  Drone x3  
  67  4:55  Drone  
  67  4:56  Drone  
  67  4:57  Drone  
  66  5:14  Extractor  
  66  5:16  Zergling x2  
  66  5:17  Zergling x14  
  66  5:19  Overlord  
  66  5:20  Overlord, Spire  
  66  5:21  Zergling x2  
  73  5:23  Overlord  
  73  5:25  Extractor  
  73  5:26  Extractor  
  73  5:27  Zergling x2  
  72  5:30  Zergling x2  
  72  5:32  Zergling x2  
  74  5:37  Zergling x2  
  74  5:38  Zergling x4  
  74  5:41  Zergling x4  
  77  5:45  Zergling x6  
  77  5:46  Zergling x2  
  77  5:47  Spine Crawler  
  80  5:51  Zergling x6  
  80  5:52  Zergling x2  
  80  5:53  Zergling x2  
  80  5:54  Spine Crawler  
  80  5:55  Zergling x2  
  85  6:03  Zergling x4  
  79  6:07  Zergling x2  
  79  6:08  Zergling x6  
  71  6:13  Zergling x4  
  71  6:14  Zergling x4  
  71  6:16  Zergling x2  
  73  6:18  Zergling x2  
  73  6:25  Zergling x2  
  65  6:26  Zergling x2  
  65  6:29  Zergling x2  
  53  6:33  Spine Crawler  
  53  6:38  Mutalisk x2  
  45  6:40  Mutalisk  
  45  6:46  Mutalisk  
  41  6:49  Mutalisk  
  41  6:53  Mutalisk  
  42  6:54  Mutalisk x2  
  42  6:59  Mutalisk  
  48  7:05  Mutalisk  
  48  7:08  Zergling x2  
  51  7:18  Spine Crawler  
  51  7:20  Zergling x2  
  51  7:21  Spine Crawler  
  50  7:24  Zergling x2  
  50  7:27  Zergling x2  
  52  7:30  Zergling x2  
  51  7:42  Spawning Pool  
Show
View Real Time Build Order
Export as new Build Order

Lambo Zerg - Winner!

Build Orders: Hatch First, Roach Nydus 

Get SALT Encoding   

  12  0:00  Drone  
  13  0:12  Overlord  
  13  0:17  Drone  
  14  0:30  Drone x2  
  16  0:48  Hatchery  
  15  0:51  Drone  
  15  0:54  Drone  
  17  0:58  Drone  
  18  1:09  Extractor  
  17  1:13  Spawning Pool  
  17  1:16  Drone  
  17  1:20  Drone  
  18  1:27  Drone  
  19  1:38  Drone  
  20  1:49  Overlord  
  20  1:59  Queen x2  
  20  2:00  Zergling x4  
  26  2:09  Metabolic Boost  
  26  2:10  Drone  
  26  2:11  Drone  
  28  2:23  Drone x2  
  28  2:29  Baneling Nest  
  29  2:34  Drone  
  29  2:35  Queen  
  32  2:40  Overlord  
  32  2:44  Drone  
  33  2:46  Drone  
  34  2:55  Drone x2  
  36  3:06  Drone x2  
  36  3:07  Drone x2  
  36  3:08  Overlord  
  36  3:10  Drone  
  36  3:11  Drone x2  
  43  3:13  Baneling  
  42  3:20  Roach Warren  
  41  3:30  Zergling x6  
  45  3:34  Drone  
  45  3:43  Hatchery  
  45  3:44  Lair, Drone  
  45  3:46  Drone  
  46  3:49  Drone x2  
  46  3:53  Queen  
  50  3:59  Drone  
  51  4:03  Overlord, Extractor x2  
  51  4:09  Drone  
  51  4:10  Drone  
  51  4:12  Overlord  
  51  4:20  Overlord, Drone  
  51  4:32  Queen  
  51  4:33  Roach x6  
  65  4:41  Evolution Chamber  
  64  4:57  Queen  
  64  4:59  Roach, Nydus Network  
  69  5:00  Zergling x6  
  69  5:06  Roach x2, Zergling x2  
  74  5:09  Roach, Zergling x2  
  75  5:22  Overlord  
  75  5:24  Spore Crawler  
  75  5:25  Spore Crawler, Queen  
  77  5:32  Overlord  
  77  5:33  Baneling  
  74  5:37  Nydus Canal  
  74  5:42  Roach x4, Zergling x2  
  82  5:47  Roach  
  83  5:54  Roach x2  
  83  6:04  Queen x2  
  83  6:05  Nydus Canal  
  83  6:06  Drone  
  83  6:09  Roach  
  87  6:16  Roach x2  
  86  6:23  Nydus Canal  
  80  6:27  Roach, Zergling x2  
  80  6:40  Roach x2, Queen  
  80  6:45  Roach  
  88  6:48  Spore Crawler, Nydus Canal  
  88  6:51  Roach  
  88  6:52  Queen  
  91  7:01  Spore Crawler  
  90  7:08  Roach  
  90  7:09  Overseer  
  90  7:10  Spore Crawler  
  90  7:11  Spore Crawler  
  88  7:18  Drone x4  
  91  7:26  Spore Crawler  
  91  7:27  Spore Crawler  
  89  7:30  Roach  
  91  7:44  Overlord  
  91  7:49  Overlord  
Tags
 
Add a new tag
Caveats
  • Supply blocks, unpowered buildings, or Contaminate may cause inaccurate times.
  • Supply counts are checked every 10 seconds.